[Event "Team 45 45 League T47"]
[Site "Internet Chess Club"]
[Date "2010.12.11"]
[Round "6"]
[White "Constrictor"]
[Black "Beddathanme"]
[Result "0-1"]
[WhiteElo "1680"]
[BlackElo "1827"]
[Opening "King's Indian, 3.Nf3"]
[ECO "E60"]
[Time "09:02:57"]
[TimeControl "2700+45"]

1. Nf3 Nf6 2. d4 g6 3. c4 c5 4. d5 e6 5. dxe6 fxe6 6. Bg5 Nc6 7. Nc3 Be7 8. g3
a6 9. Bg2 O-O 10. O-O d6 11. a3 Rb8 12. Qc2 Bd7 13. Rad1 b5 14. cxb5 axb5 15.
Ne4 Nxe4 16. Bxe7 Qxe7 17. Qxe4 d5 18. Qe3 d4 19. Qe4 Qf6 20. Bh3 Rbd8 21. Qh4
Qxh4 22. gxh4 e5 23. Bxd7 Rxd7 24. Ng5 Rf4 25. Ne6 Rg4+ 26. Kh1 c4 27. h5 gxh5
28. Rg1 Rf7 29. f3 Rg6 30. Ng5 Rd7 31. Ne4 Kf7 32. Rg5 Rxg5 33. Nxg5+ Kf6 34.
Ne4+ Kf5 35. Kg2 d3 36. exd3 Rxd3 37. Rxd3 cxd3 38. Kf2 Kf4 39. Nf6 Nd4 40. Nd5+
Kf5 41. Ke3 d2 42. Nc3 Nb3 43. Ke2 Kg5 44. Nxb5 Kh4 45. Nd6 Kh3 46. Ne4 Kxh2 47.
Nxd2 Nxd2 48. Kxd2 Kg3 49. b4 h4 50. b5 h3 51. b6 h2 52. b7 h1=Q 53. b8=Q Qg2+
54. Kc1 Qf1+ 55. Kc2 Qe2+ 56. Kc1 Qc4+ 57. Kb1 Qd3+ 58. Ka2 Qd2+ 59. Qb2 Qd4 60.
Qb7 h5 61. Qb1 Qc4+ 62. Ka1 Qc3+ 63. Ka2 Qc4+ 64. Ka1 Qd4+ 65. Ka2 h4 66. Qe1+
Qf2+ 67. Qxf2+ Kxf2 68. a4 h3 69. a5 h2 70. a6 h1=Q {White resigns} 0-1

[Event "Team 45 45 League T47"]
[Site "Internet Chess Club"]
[Date "2010.12.12"]
[Round "6"]
[White "room-matt"]
[Black "Kingofknights"]
[Result "1-0"]
[WhiteElo "1638"]
[BlackElo "1628"]
[Opening "Caro-Kann: Steinitz variation"]
[ECO "B17"]
[Time "10:00:33"]
[TimeControl "2700+45"]

1. e4 c6 2. d4 d5 3. Nc3 dxe4 4. Nxe4 Nd7 5. Nf3 Ngf6 6. Nc3 Qc7 7. Bd3 e5 8.
Qe2 Bd6 9. dxe5 Nxe5 10. Nxe5 Bxe5 11. f4 Bg4 12. Qxe5+ Qxe5+ 13. fxe5 Nd7 14.
Bf4 O-O 15. O-O Nc5 16. h3 Bd7 17. Be2 Be6 18. b4 Na6 19. a3 Nc7 20. Bf3 h6 21.
Ne4 Nd5 22. Bh2 Ne3 23. Rf2 Rad8 24. Nd6 Rd7 25. Re1 Nc4 26. Nxc4 Bxc4 27. Re4
Be6 28. Bf4 Rfd8 29. Be3 a6 30. Bb6 Re8 31. Bh5 g6 32. Bf3 Kg7 33. g4 Ree7 34.
Bc5 Re8 35. h4 Ra8 36. Bd6 a5 37. Kg2 axb4 38. axb4 Ra1 39. Rf4 Rd8 40. Be7 Rd7
41. Bf6+ Kg8 42. g5 h5 43. Kg3 Rb1 44. Bg2 Re1 45. Bf1 Kf8 46. c4 Rb1 47. Ra2
Rb3+ 48. Kf2 Rc7 49. Ra8+ Bc8 50. e6 Rd3 51. Bxd3 {Black resigns} 1-0

[Event "Team 45 45 League T47"]
[Site "Internet Chess Club"]
[Date "2010.12.11"]
[Round "6"]
[White "Monsieur"]
[Black "justice02"]
[Result "0-1"]
[WhiteElo "1554"]
[BlackElo "1678"]
[Opening "King's Indian defense, 3.Nc3"]
[ECO "E61"]
[Time "21:00:03"]
[TimeControl "2700+45"]

1. d4 Nf6 2. c4 g6 3. Nc3 Bg7 4. g3 d5 5. c5 c6 6. Bg2 O-O 7. Nf3 Nbd7 8. O-O
Re8 9. Re1 e5 10. dxe5 Nxe5 11. Nxe5 Rxe5 12. f4 Rh5 13. e4 d4 14. e5 Bg4 15.
Ne2 Ne8 16. Qxd4 Bxe2 17. Qxd8 Rxd8 18. Rxe2 Rd1+ 19. Kf2 Rxh2 20. Re1 Rxe1 21.
Kxe1 Rxg2 22. Be3 Rxg3 23. Kf2 Rh3 24. b4 Nc7 25. a4 Nd5 26. Bd2 Rh2+ 27. Kf3
Rxd2 28. b5 Bh6 29. a5 Bxf4 30. a6 Rd3+ 31. Kg2 bxa6 32. bxc6 Bxe5 33. Rxa6 Bb8
34. Ra2 Rc3 35. Rb2 Rc2+ 36. Rxc2 Ne3+ 37. Kf3 Nxc2 38. Ke4 Nb4 39. Kd4 Bc7 40.
Kc4 a5 41. Kb5 h5 42. Ka4 h4 43. Kb5 h3 {White resigns} 0-1

[Event "Team 45 45 League T47"]
[Site "Internet Chess Club"]
[Date "2010.12.12"]
[Round "6"]
[White "ScotchYeti"]
[Black "MarkNY"]
[Result "0-1"]
[WhiteElo "1658"]
[BlackElo "1759"]
[Opening "Sicilian: dragon variation"]
[ECO "B70"]
[Time "15:34:56"]
[TimeControl "2700+45"]

1. e4 c5 2. Nf3 d6 3. d4 cxd4 4. Nxd4 Nf6 5. Nc3 g6 6. Be2 Bg7 7. O-O Nc6 8. Nb3
O-O 9. Bg5 a6 10. Kh1 b5 11. a3 Bb7 12. f4 Qc7 13. Bf3 Rad8 14. Nd5 Nxd5 15.
exd5 Na7 16. c3 Nc8 17. Qd2 h6 18. Bh4 Nb6 19. Rae1 Bf6 20. Bxf6 exf6 21. Qd4
Kg7 22. Rf2 Rfe8 23. Rfe2 Rxe2 24. Rxe2 Nc4 25. g4 Qd7 26. Nc1 Re8 27. Nd3 Rxe2
28. Bxe2 Qe7 29. Bf3 a5 30. a4 Nd2 31. Bg2 bxa4 32. Qxa4 Qe2 33. Qd4 Qxg4 34.
Nc5 Qd1+ 35. Qg1 Qxg1+ 36. Kxg1 dxc5 37. Kf2 Nc4 38. d6 Nxd6 39. Bxb7 Nxb7 40.
Ke3 Nd6 41. Kd3 f5 42. h4 f6 43. b3 g5 44. hxg5 fxg5 45. fxg5 hxg5 46. b4 axb4
47. cxb4 cxb4 {White resigns} 0-1

[Event "Team 45 45 League T47"]
[Site "Internet Chess Club"]
[Date "2010.12.12"]
[Round "6"]
[White "BotanicalKnight"]
[Black "cepheid"]
[Result "1-0"]
[WhiteElo "1609"]
[BlackElo "1610"]
[Opening "Sicilian: closed, 6.f4"]
[ECO "B25"]
[Time "15:02:50"]
[TimeControl "2700+45"]

1. e4 c5 2. Nc3 g6 3. g3 Bg7 4. Bg2 Nc6 5. d3 d6 6. f4 Nf6 7. Nf3 Bg4 8. O-O O-O
9. h3 Bxf3 10. Bxf3 Rb8 11. g4 Nd4 12. Bg2 b5 13. Ne2 Nd7 14. c3 Nxe2+ 15. Qxe2
b4 16. c4 a5 17. g5 a4 18. Rb1 Rb6 19. h4 h5 20. gxh6 Bxh6 21. h5 e6 22. hxg6
fxg6 23. Qg4 Qe8 24. f5 Ne5 25. Qh4 Bxc1 26. Rbxc1 exf5 27. exf5 Rxf5 28. Bd5+
Kf8 29. Rxf5+ gxf5 30. Qf6+ Nf7 31. Kf2 Qe7 32. Qxf5 Qh4+ 33. Ke2 Qe7+ 34. Kf3
Ke8 35. Rh1 Ne5+ 36. Kf2 Qg7 37. Qc8+ Ke7 38. Qc7+ Nd7 39. Re1+ Kf6 40. Re6+ Kf5
41. Re3 Kf4 42. Rf3+ Ke5 43. Be4 Rb8 44. Qc6 Ke6 45. Bf5+ Ke5 46. Bxd7 Qg8 47.
Qe4# {Black checkmated} 1-0

[Event "Team 45 45 League T47"]
[Site "Internet Chess Club"]
[Date "2010.12.12"]
[Round "6"]
[White "farbror"]
[Black "vollmerj"]
[Result "1-0"]
[WhiteElo "1257"]
[BlackElo "1647"]
[Opening "Dutch"]
[ECO "A80"]
[Time "07:00:19"]
[TimeControl "2700+45"]

1. d4 f5 2. Bf4 d6 3. Nf3 Nf6 4. e3 g6 5. Bc4 Bg7 6. Nbd2 a6 7. O-O b5 8. Bb3
Nc6 9. c3 Na5 10. Re1 Nxb3 11. axb3 O-O 12. b4 Bb7 13. c4 Nh5 14. Bg5 h6 15. Bh4
g5 16. Bxg5 hxg5 17. Nxg5 Qe8 18. Ne6 Qg6 19. d5 Rfc8 20. Nf4 Nxf4 21. exf4 e5
22. fxe5 Bxe5 23. Ra3 Re8 24. Rxe5 Rxe5 25. Rg3 Kf7 26. Rxg6 Kxg6 27. b3 Rae8
28. Nf3 Re2 29. Kf1 bxc4 30. bxc4 R2e4 31. Qd3 a5 32. bxa5 Ba6 33. Qd1 Bxc4+ 34.
Kg1 Bxd5 35. h3 Bc4 36. Qb1 d5 37. Qb7 Be2 38. a6 c5 39. a7 R4e5 {Black resigns}
1-0

[Event "Team 45 45 League T47"]
[Site "Internet Chess Club"]
[Date "2010.12.11"]
[Round "6"]
[White "ice-cream"]
[Black "rubo"]
[Result "0-1"]
[WhiteElo "1808"]
[BlackElo "1753"]
[Opening "Caro-Kann: classical, Spassky variation"]
[ECO "B19"]
[Time "19:00:54"]
[TimeControl "2700+45"]

1. e4 c6 2. d4 d5 3. Nc3 dxe4 4. Nxe4 Bf5 5. Ng3 Bg6 6. h4 h6 7. Nf3 Nd7 8. h5
Bh7 9. Bd3 Bxd3 10. Qxd3 Qc7 11. Bd2 e6 12. O-O-O Ngf6 13. Ne4 Nxe4 14. Qxe4 Nf6
15. Qe2 Bd6 16. Rdg1 Bf4 17. Kb1 Bxd2 18. Qxd2 O-O-O 19. Qb4 Rd5 20. g4 Re8 21.
Qc3 c5 22. dxc5 Rxc5 23. Qd3 Rd8 24. Qe2 Qf4 25. Rh4 Ne4 26. Ka1 Nd2 27. Nxd2
Rxd2 28. Qe3 Qxe3 29. fxe3 Rcxc2 30. Rb1 Rc4 31. b3 Rcc2 32. Rf1 Rxa2+ 33. Kb1
f6 34. Rhh1 Rdb2+ 35. Kc1 Rg2 36. Kb1 Rab2+ 37. Ka1 Ra2+ 38. Kb1 Rgb2+ 39. Kc1
Rxb3 40. e4 Ra1+ 41. Kc2 Rxf1 42. Rxf1 Re3 43. Rf4 e5 44. Rf2 Rxe4 45. Rg2 Ra4
46. Kb3 b5 47. Rc2+ Kd7 48. Rg2 a5 49. Rg1 Ke6 50. Rg2 Rf4 51. Rg3 e4 52. Kb2
Rf3 53. Rg2 e3 54. Kc1 Rf2 55. Rg1 e2 56. Re1 Rf1 57. Kd2 Rxe1 {White resigns}
0-1

[Event "Team 45 45 League T47"]
[Site "Internet Chess Club"]
[Date "2010.12.08"]
[Round "6"]
[White "Portola"]
[Black "rainden"]
[Result "1-0"]
[WhiteElo "1735"]
[BlackElo "1546"]
[Opening "Queen's pawn game"]
[ECO "A45"]
[Time "22:08:20"]
[TimeControl "2700+45"]

1. d4 Nf6 2. Nc3 e6 3. Nf3 c5 4. Bg5 Be7 5. e3 d5 6. dxc5 Bxc5 7. Bd3 Nbd7 8.
O-O O-O 9. Qe2 b6 10. Rfd1 Bb7 11. e4 Qc7 12. e5 Ng4 13. Bh4 Ngxe5 14. Bg3 f6
15. Nb5 Qb8 16. Nfd4 a6 17. Nxe6 Re8 18. Nbc7 Rxe6 19. Nxe6 Qd6 20. Nxc5 Nxc5
21. Bxe5 Qxe5 22. Qxe5 fxe5 23. Bf5 d4 24. Re1 e4 25. b4 Nd7 26. Bxd7 Rd8 27.
Be6+ Kf8 28. Bc4 b5 29. Bf1 Rd6 30. Rad1 Ke7 31. f3 e3 32. Rd3 g6 33. Red1 Re6
34. Be2 Kf6 35. Rxd4 Rc6 36. Rd6+ Kf5 37. R1d5+ Kf4 38. g3# {Black checkmated}
1-0

[Event "Team 45 45 League T47"]
[Site "Internet Chess Club"]
[Date "2010.12.12"]
[Round "6"]
[White "Deadly-Spike"]
[Black "g8wrb"]
[Result "0-1"]
[WhiteElo "1497"]
[BlackElo "1415"]
[Opening "French: Tarrasch, closed variation"]
[ECO "C05"]
[Time "16:00:20"]
[TimeControl "2700+45"]

1. e4 e6 2. d4 d5 3. Nd2 Nf6 4. e5 Nfd7 5. f4 c5 6. c3 Nc6 7. Ngf3 cxd4 8. cxd4
Qb6 9. Nb3 f6 10. Bd2 Be7 11. a3 O-O 12. Bd3 f5 13. Rg1 Rf7 14. g4 Nf8 15. gxf5
exf5 16. Bc3 Ng6 17. Bd2 Nd8 18. Ba5 Qe6 19. Bxd8 Bxd8 20. Nc5 Qe7 21. Ng5 Nxf4
22. Nxf7 Nxd3+ 23. Qxd3 Qxf7 24. O-O-O b6 25. Nb3 Bd7 26. Rde1 Rc8+ 27. Kb1 Bh4
28. Rc1 Rxc1+ 29. Rxc1 Be6 30. Nd2 h6 31. Nf3 Bd8 32. Rg1 f4 33. Qb5 g5 34. Qc6
Qd7 35. Qxd7 Bxd7 36. Kc2 a5 37. Kd2 Kf7 38. Ke2 g4 39. Ne1 h5 40. Kf2 b5 41.
Nd3 Bb6 42. Nc5 Bxc5 43. dxc5 Ke6 44. Re1 b4 45. axb4 axb4 46. Rc1 Kxe5 47. c6
Bc8 48. c7 Kd6 49. Ke2 f3+ 50. Kf2 Ke5 51. Ke3 d4+ 52. Kd3 Kf4 53. Kxd4 f2 54.
Kd5 Kf3 55. Rc6 Kg2 {White resigns} 0-1

[Event "Team 45 45 League T47"]
[Site "Internet Chess Club"]
[Date "2010.12.12"]
[Round "6"]
[White "AtomicDog"]
[Black "JosephZ"]
[Result "1/2-1/2"]
[WhiteElo "1602"]
[BlackElo "1428"]
[Opening "Ruy Lopez: 5.O-O"]
[ECO "C78"]
[Time "14:31:36"]
[TimeControl "2700+45"]

1. e4 e5 2. Nf3 Nc6 3. Bb5 a6 4. Ba4 Nf6 5. O-O b5 6. Bb3 Bc5 7. d3 O-O 8. Bg5
h6 9. Bh4 d6 10. Nc3 Be6 11. Nd5 Bxd5 12. Bxd5 Qd7 13. Bxf6 gxf6 14. Qd2 Kh7 15.
Nh4 Qg4 16. Bxc6 Qxh4 17. Bxa8 Rg8 18. g3 Qh3 19. Bd5 Rxg3+ 20. hxg3 Qxg3+ 21.
Kh1 Qh3+ {Game drawn by mutual agreement} 1/2-1/2

[Event "Team 45 45 League T47"]
[Site "Internet Chess Club"]
[Date "2010.12.12"]
[Round "6"]
[White "irock"]
[Black "Atlantis"]
[Result "1-0"]
[WhiteElo "1786"]
[BlackElo "1815"]
[Opening "Sicilian: Alapin's variation (2.c3)"]
[ECO "B22"]
[Time "14:10:51"]
[TimeControl "2700+45"]

1. e4 c5 2. c3 d5 3. exd5 Qxd5 4. d4 Nf6 5. Nf3 e6 6. Be3 cxd4 7. cxd4 Bb4+ 8.
Nc3 O-O 9. Bd3 Ne4 10. Qc2 Bxc3+ 11. bxc3 Nf6 12. O-O h6 13. Rab1 b6 14. c4 Qd7
15. Ne5 Qc7 16. Rfc1 Bb7 17. c5 Rc8 18. cxb6 Qxc2 19. Rxc2 axb6 20. Rxb6 Rxc2
21. Bxc2 Bd5 22. a4 Nbd7 23. Rb2 Nxe5 24. dxe5 Ne4 25. h4 Nc3 26. a5 f5 27. exf6
gxf6 28. Bb6 Ne2+ 29. Kh2 Bc4 30. Be4 Rb8 31. Bd4 Rxb2 32. Bxb2 e5 33. Bb7 Nd4
34. Bxd4 exd4 35. a6 d3 36. a7 d2 37. a8=Q+ {Black resigns} 1-0

[Event "Team 45 45 League T47"]
[Site "Internet Chess Club"]
[Date "2010.12.12"]
[Round "6"]
[White "Victorianum"]
[Black "Walker42"]
[Result "0-1"]
[WhiteElo "1767"]
[BlackElo "2032"]
[Opening "King's Indian: 5.Nf3"]
[ECO "E90"]
[Time "10:01:02"]
[TimeControl "2700+45"]

1. d4 Nf6 2. c4 g6 3. Nc3 Bg7 4. e4 d6 5. Nf3 O-O 6. h3 e5 7. dxe5 dxe5 8. Be3
c6 9. Qc2 Nh5 10. Be2 Nf4 11. Bxf4 exf4 12. O-O Qe7 13. Rfe1 Nd7 14. Bf1 Ne5 15.
Nxe5 Bxe5 16. f3 Bd4+ 17. Kh1 Qg5 18. Red1 Be3 19. Rd6 Bxh3 20. Nd1 Bc5 21. Rd2
Be6 22. Nf2 Qh4+ 23. Kg1 Be3 24. Re2 Rfd8 25. Rxe3 fxe3 26. Nd3 Rd4 27. b3 Rad8
28. Re1 Rxd3 29. Bxd3 Qxe1+ 30. Kh2 Qd2 {White resigns} 0-1

[Event "Team 45 45 League T47"]
[Site "Internet Chess Club"]
[Date "2010.12.13"]
[Round "6"]
[White "imawesome"]
[Black "jps7"]
[Result "1-0"]
[WhiteElo "1742"]
[BlackElo "1666"]
[Opening "French: exchange variation"]
[ECO "C01"]
[Time "19:30:07"]
[TimeControl "2700+45"]

1. e4 e6 2. d4 d5 3. exd5 exd5 4. c4 Nf6 5. Nc3 c6 6. Nf3 Be6 7. cxd5 Nxd5 8.
Bd3 Bb4 9. Qc2 Qa5 10. Bd2 Nd7 11. O-O Nxc3 12. bxc3 Be7 13. Rfe1 Nf6 14. Ng5
Qd5 15. Re5 Qd7 16. Rae1 Bd6 17. R5e2 O-O-O 18. Nxe6 fxe6 19. Rxe6 Qc7 20. h3 h6
21. a4 Rhf8 22. Qb3 Bh2+ 23. Kh1 Nd5 24. c4 Rxf2 25. cxd5 Rxd2 26. Rxc6 bxc6 27.
Bf5+ Qd7 28. dxc6 Bf4 29. Qb7# {Black checkmated} 1-0

[Event "Team 45 45 League T47"]
[Site "Internet Chess Club"]
[Date "2010.12.12"]
[Round "6"]
[White "Wheels"]
[Black "jjmolina"]
[Result "1-0"]
[WhiteElo "1890"]
[BlackElo "1699"]
[Opening "Ruy Lopez: Anderssen variation"]
[ECO "C77"]
[Time "15:03:22"]
[TimeControl "2700+45"]

1. e4 e5 2. Nf3 Nc6 3. Bb5 a6 4. Ba4 Nf6 5. d3 d6 6. c3 g6 7. O-O Bg7 8. h3 O-O
9. Nbd2 Nd7 10. Re1 Nc5 11. Bc2 a5 12. Nf1 Bd7 13. d4 Na6 14. Bg5 Qe8 15. Qd2 f6
16. Bh4 Ne7 17. Rad1 a4 18. Bd3 Be6 19. b3 axb3 20. axb3 g5 21. Bg3 Ng6 22. h4
g4 23. N3h2 h5 24. Qe2 Nf4 25. Bxf4 exf4 26. Bc4 Bxc4 27. Qxc4+ Qf7 28. Qxf7+
Kxf7 29. g3 Bh6 30. gxf4 Bxf4 31. Ng3 Bxg3 32. fxg3 Nb8 33. Ra1 Nd7 34. Nf1 Rfe8
35. Nd2 Nb6 36. Kf2 Rxa1 37. Rxa1 Ra8 38. Rxa8 Nxa8 39. Nc4 b5 40. Ne3 Nb6 41.
Nf5 Nc8 42. Ke3 Ne7 43. Nxe7 Kxe7 44. Kf4 Ke6 45. d5+ Ke7 46. Kf5 Kf7 47. b4
{Black resigns} 1-0

[Event "Team 45 45 League T47"]
[Site "Internet Chess Club"]
[Date "2010.12.12"]
[Round "6"]
[White "b-spot"]
[Black "IceBox"]
[Result "0-1"]
[WhiteElo "1726"]
[BlackElo "1730"]
[Opening "Grünfeld: modern exchange variation"]
[ECO "D85"]
[Time "09:00:37"]
[TimeControl "2700+45"]

1. d4 Nf6 2. c4 g6 3. Nc3 d5 4. cxd5 Nxd5 5. e4 Nxc3 6. bxc3 Bg7 7. Nf3 c5 8.
Rb1 Qa5 9. Rb5 Qxc3+ 10. Bd2 Qa3 11. Qc2 O-O 12. Ra5 Qxa5 13. Bxa5 cxd4 14. Bd3
Nc6 15. Bd2 Be6 16. O-O Rfc8 17. Qb2 Rab8 18. Bf4 Ra8 19. Rc1 Nd8 20. Rxc8 Rxc8
21. Be5 Bxe5 22. Nxe5 b6 23. f4 Rc3 24. Bc2 f6 25. Nf3 Nc6 26. Nxd4 Nxd4 27. Bb3
Bxb3 28. axb3 Rc1+ {White resigns} 0-1

[Event "Team 45 45 League T47"]
[Site "Internet Chess Club"]
[Date "2010.12.12"]
[Round "6"]
[White "isolani"]
[Black "BrerRabbit"]
[Result "0-1"]
[WhiteElo "1585"]
[BlackElo "1583"]
[Opening "King's Indian: London system"]
[ECO "A48"]
[Time "19:02:16"]
[TimeControl "2700+45"]

1. d4 Nf6 2. Nf3 g6 3. Bf4 Bg7 4. e3 d6 5. Be2 O-O 6. h3 c5 7. c3 Be6 8. O-O Qb6
9. b3 Nc6 10. Nbd2 Rac8 11. Rb1 a5 12. Nc4 Qc7 13. Bg5 h6 14. Bxf6 Bxf6 15. d5
Bf5 16. Rc1 Na7 17. g4 Bd7 18. e4 b5 19. Ne3 b4 20. Kh2 Bxc3 21. Rh1 Nb5 22. Rg1
Nd4 23. Bd3 Nxf3+ 24. Qxf3 Be5+ 25. Kh1 Qd8 26. g5 h5 27. Qg2 Rb8 28. Rcf1 Bd4
29. f4 {White resigns} 0-1

[Event "Team 45 45 League T47"]
[Site "Internet Chess Club"]
[Date "2010.12.13"]
[Round "6"]
[White "smitty120"]
[Black "Zumbi"]
[Result "0-1"]
[WhiteElo "1833"]
[BlackElo "2084"]
[Opening "Alekhine's defense: Sämisch attack"]
[ECO "B02"]
[Time "21:07:24"]
[TimeControl "2700+45"]

1. e4 Nf6 2. e5 Nd5 3. Nc3 Nxc3 4. dxc3 d6 5. Bf4 Nc6 6. exd6 e5 7. Bg3 Bxd6 8.
Bc4 O-O 9. Qd2 Na5 10. Bd3 f5 11. h3 Be6 12. b3 Qf6 13. O-O-O Ba3+ 14. Kb1 e4
15. Be2 Rad8 16. Qe1 f4 17. Bh2 b5 18. b4 Nc6 19. Bxf4 Nxb4 20. Rxd8 Rxd8 {White
resigns} 0-1

[Event "Team 45 45 League T47"]
[Site "Internet Chess Club"]
[Date "2010.12.11"]
[Round "6"]
[White "Tobiasdelmonte"]
[Black "VietLion"]
[Result "0-1"]
[WhiteElo "1849"]
[BlackElo "1940"]
[Opening "English: symmetrical, Benoni formation"]
[ECO "A31"]
[Time "06:02:52"]
[TimeControl "2700+45"]

1. d4 Nf6 2. c4 c5 3. Nf3 cxd4 4. Nxd4 e5 5. Nf3 Nc6 6. g3 d5 7. cxd5 Nxd5 8.
Bg2 Bb4+ 9. Nfd2 Be6 10. O-O Rc8 11. a3 Nd4 12. axb4 Rxc1 13. Qa4+ b5 14. Qxa7
Rc7 15. Qa8 Nxe2+ 16. Kh1 O-O 17. Qxd8 Rxd8 18. Re1 Nd4 19. Na3 f6 20. f4 Nxb4
21. fxe5 Nd3 22. Rf1 b4 23. Nab1 Nxe5 24. Ra6 Bd5 25. Bxd5+ Rxd5 26. Rb6 Nd3 27.
Ne4 h6 28. Rbxf6 Nxb2 29. Rf8+ Kh7 30. Rb8 Re7 31. Nbd2 Nd3 32. Rff8 b3 33. Rb6
b2 34. Rf1 Rb5 35. Rxb5 Nxb5 36. Kg2 Na3 37. h3 Rxe4 38. Nxe4 b1=Q 39. Rxb1 Nxb1
40. g4 Nf4+ 41. Kg3 Ne6 42. h4 Na3 43. g5 h5 44. Nd6 Kg6 45. Kf3 Nxg5+ 46. Kf4
Nf7 47. Ne4 Nc4 48. Kg3 Ncd6 49. Nc5 Kf5 50. Nd3 Ke4 51. Nc5+ Ke3 52. Ne6 Nf5+
53. Kh3 Ne5 54. Ng5 Ng6 55. Ne6 Nf4+ 56. Nxf4 Kxf4 {White resigns} 0-1

[Event "Team 45 45 League T47"]
[Site "Internet Chess Club"]
[Date "2010.12.13"]
[Round "6"]
[White "subterfuge"]
[Black "powerchess1"]
[Result "1-0"]
[WhiteElo "1792"]
[BlackElo "1725"]
[Opening "Old Benoni: Franco-Benoni defense"]
[ECO "C01"]
[Time "19:00:53"]
[TimeControl "2700+45"]

1. d4 e6 2. e4 c5 3. d5 Nf6 4. Bg5 Qa5+ 5. Bd2 Qb6 6. Nc3 d6 7. Bc4 e5 8. f4 Bg4
9. Nf3 Nbd7 10. h3 Bxf3 11. Qxf3 Be7 12. a3 a6 13. O-O Qxb2 14. Bb3 c4 15. Rfb1
Qxa1 16. Rxa1 cxb3 17. cxb3 O-O 18. b4 Rac8 19. Rc1 Rc4 20. Ne2 Rxe4 21. Rc7 Bd8
22. Rxd7 Bb6+ 23. Kh2 Rxe2 24. Qxe2 Nxd7 25. Be3 Bd8 26. b5 a5 27. b6 Re8 28.
Qb5 Nf6 29. Qxa5 h5 30. fxe5 Rxe5 31. Bf4 Re8 32. Bxd6 Kh7 33. Bc7 Be7 34. d6
Bf8 35. Qf5+ Kg8 36. d7 {Black resigns} 1-0

[Event "Team 45 45 League T47"]
[Site "Internet Chess Club"]
[Date "2010.12.12"]
[Round "6"]
[White "tourettes"]
[Black "John3v16"]
[Result "0-1"]
[WhiteElo "1478"]
[BlackElo "1735"]
[Opening "Sicilian: closed, Korchnoi variation"]
[ECO "B23"]
[Time "15:30:26"]
[TimeControl "2700+45"]

1. e4 c5 2. Nc3 e6 3. g3 d5 4. exd5 exd5 5. d4 Be6 6. Nge2 Nc6 7. Be3 b6 8. Bg2
Nf6 9. h3 Qd7 10. Nf4 Be7 11. dxc5 Rd8 12. Nxe6 fxe6 13. Bg5 bxc5 14. Qd2 O-O
15. O-O h6 16. Bh4 g5 17. Bxg5 hxg5 18. Qxg5+ Kh8 19. Ne2 Nh7 20. Qe3 e5 21.
Rae1 Qf5 22. Qb3 Nb4 23. Rc1 Ng5 24. g4 Nf3+ 25. Bxf3 Qxf3 26. Qxf3 Rxf3 27. a3
Nc6 28. Ng3 Bg5 29. Rcd1 Ne7 30. Kg2 Rdf8 31. Ne2 Bh4 32. Ng3 e4 33. Rde1 Bxg3
34. fxg3 Rxf1 35. Rxf1 Rxf1 36. Kxf1 d4 37. Ke2 Nd5 38. c4 dxc3 39. bxc3 Nxc3+
40. Ke3 Kg7 41. h4 Nb5 42. Kxe4 Nxa3 43. Kd3 a5 44. g5 Kg6 45. g4 Nb5 46. Ke4 a4
47. Kf4 a3 48. h5+ Kg7 49. Kf5 Nd4+ 50. Kf4 a2 {White resigns} 0-1

[Event "Team 45 45 League T47"]
[Site "Internet Chess Club"]
[Date "2010.12.18"]
[Round "6"]
[White "hewdondada"]
[Black "Harmonicus"]
[Result "1/2-1/2"]
[WhiteElo "1858"]
[BlackElo "1923"]
[Opening "Trompowsky attack (Ruth, Opocenský opening)"]
[ECO "A45"]
[Time "07:04:59"]
[TimeControl "2700+45"]

1. d4 Nf6 2. Bg5 e6 3. e4 h6 4. Bxf6 Qxf6 5. c3 d5 6. e5 Qd8 7. Nf3 c5 8. Bd3
Nc6 9. Bc2 Qb6 10. b3 Bd7 11. O-O O-O-O 12. a4 Be7 13. Na3 cxd4 14. cxd4 Nb4 15.
Bd3 Nc6 16. Nb5 a6 17. Nd6+ Bxd6 18. exd6 Nb4 19. Ne5 Rhf8 20. Qc1+ Kb8 21. Qc5
Qxc5 22. dxc5 Be8 23. Be2 b6 24. cxb6 a5 25. Nd3 Nxd3 26. Bxd3 Rxd6 27. b4 Rxb6
28. bxa5 Rd6 29. Bb5 Ka7 30. Rac1 Kb8 31. Rc5 Bd7 32. Rb1 Ka8 33. Rc7 Rd8 34. f3
d4 35. Kf1 e5 36. Ke2 f6 37. Bd3 Be6 38. Rbb7 Bd5 39. Ra7+ Kb8 40. Be4 Bxe4 41.
fxe4 g6 42. Rab7+ Ka8 {Game drawn by mutual agreement} 1/2-1/2

[Event "Team 45 45 League T47"]
[Site "Internet Chess Club"]
[Date "2010.12.14"]
[Round "6"]
[White "ghostfire"]
[Black "RD1974"]
[Result "1-0"]
[WhiteElo "1714"]
[BlackElo "1735"]
[Opening "Queen's Indian accelerated"]
[ECO "E12"]
[Time "19:02:20"]
[TimeControl "2700+45"]

1. d4 Nf6 2. c4 b6 3. Nc3 Bb7 4. Nf3 e6 5. a3 d5 6. cxd5 exd5 7. Bf4 Bd6 8. Bxd6
Qxd6 9. Rc1 a6 10. e3 O-O 11. Qc2 Nbd7 12. Bd3 c5 13. O-O c4 14. Be2 b5 15. h3
Ne4 16. Nxe4 dxe4 17. Nh2 f5 18. b3 cxb3 19. Qxb3+ Bd5 20. Qb2 Nb6 21. Rfd1 Bc4
22. Bxc4+ Nxc4 23. Qa2 Kh8 24. a4 Rfc8 25. Ra1 b4 26. a5 Rab8 27. Nf1 Na3 28.
Rdc1 Rxc1 29. Rxc1 b3 30. Qb2 Qb4 31. Nd2 Nc2 32. Nxb3 Qxb3 33. Qxc2 h6 34. Qxb3
Rxb3 35. Rc6 Rb1+ 36. Kh2 Rb2 37. Rxa6 Rxf2 38. Ra8+ Kh7 39. a6 Re2 40. a7 Ra2
41. Kg3 Kg6 42. Kf4 Ra5 43. g4 Kh7 44. gxf5 h5 45. Kxe4 h4 46. Kf4 g6 47. fxg6+
Kg7 48. e4 Ra4 49. d5 Ra6 50. d6 Ra5 51. d7 Rg5 52. d8=Q Rf5+ 53. Kxf5 Kh6 54.
e5 Kg7 55. e6 Kh6 56. e7 Kg7 57. e8=N+ Kh6 58. g7 Kh5 59. g8=B Kh6 60. Rb8 Kh5
61. a8=N {Black resigns} 1-0

[Event "Team 45 45 League T47"]
[Site "Internet Chess Club"]
[Date "2010.12.13"]
[Round "6"]
[White "noblitz-oblige"]
[Black "Constrictor"]
[Result "1-0"]
[WhiteElo "1712"]
[BlackElo "1665"]
[Opening "Caro-Kann: exchange variation"]
[ECO "B13"]
[Time "21:23:06"]
[TimeControl "2700+45"]

1. e4 c6 2. d4 d5 3. exd5 cxd5 4. Nf3 Nf6 5. h3 e6 6. Bd3 Bd6 7. O-O O-O 8. Nc3
a6 9. Re1 Qc7 10. a3 b5 11. Bd2 Bb7 12. Ne2 Nbd7 13. Bg5 h6 14. Bh4 Nh5 15. Nc3
Nf4 16. Bg3 Nxd3 17. Bxd6 Qxd6 18. Qxd3 Rac8 19. Re3 Bc6 20. Rae1 b4 21. axb4
Qxb4 22. Qd2 Nb6 23. Ne5 Nc4 24. Nxc4 dxc4 25. Rg3 Qd6 26. Re5 g5 27. Rexg5+
hxg5 28. Qxg5+ Kh7 29. Qg7# {Black checkmated} 1-0

[Event "Team 45 45 League T47"]
[Site "Internet Chess Club"]
[Date "2010.12.11"]
[Round "6"]
[White "daniguti"]
[Black "LuxAeterna"]
[Result "1/2-1/2"]
[WhiteElo "1666"]
[BlackElo "1823"]
[Opening "Caro-Kann: Panov-Botvinnik attack"]
[ECO "B13"]
[Time "20:00:33"]
[TimeControl "2700+45"]

1. e4 c6 2. d4 d5 3. exd5 cxd5 4. c4 Nf6 5. Nc3 Nc6 6. c5 e5 7. dxe5 Ng4 8. h3
Ngxe5 9. Qxd5 Be6 10. Qxd8+ Rxd8 11. Be3 Nb4 12. Bb5+ Bd7 13. Bxd7+ Rxd7 14. Ke2
Nc4 15. Nf3 Nxe3 16. fxe3 Bxc5 17. Ne4 Bb6 18. Rad1 Rxd1 19. Rxd1 O-O 20. Rd7
Re8 {Game drawn by mutual agreement} 1/2-1/2